Map: Zen LE

Players

SpeCial - Winner!

  • Race: Terran Terran
  • League: Grandmaster
  • Spawn Location: 7:00

Rail

  • Race: Protoss Protoss
  • Spawn Location: 1:00

VOD

Have the link to the VOD?

Description

Time

  • Played on: Jan. 15, 2020, 5:26 a.m.
  • Length: 9:16
Show
View Real Time Build Order
Export as new Build Order

SpeCial Terran - Winner!

Build Orders: Liberator Opening 

Get SALT Encoding   

  12  0:00  SCV  
  13  0:13  SCV  
  14  0:17  Supply Depot  
  14  0:25  SCV  
  15  0:39  SCV  
  15  0:40  Barracks  
  16  0:46  Refinery  
  16  0:51  SCV  
  16  0:56  Refinery  
  17  1:03  SCV  
  18  1:15  SCV  
  19  1:28  Orbital Command, Reaper  
  20  1:37  Supply Depot  
  20  1:43  Factory  
  20  1:54  SCV  
  20  2:00  Reaper  
  22  2:06  SCV  
  23  2:18  SCV  
  24  2:27  Command Center  
  24  2:29  Factory Reactor  
  24  2:33  SCV  
  25  2:38  Starport  
  25  2:45  SCV  
  25  2:47  Supply Depot  
  26  2:57  SCV  
  26  2:58  Liberator  
  31  3:05  Hellion x2  
  31  3:09  SCV  
  36  3:27  Hellion  
  36  3:30  Hellion  
  39  3:39  SCV  
  40  3:51  SCV  
  40  3:54  Orbital Command  
  41  3:57  Marine x2  
  41  3:59  Starport Tech Lab, Factory Tech Lab  
  43  4:03  SCV  
  44  4:15  Marine x2, SCV  
  46  4:19  Raven  
  46  4:26  Siege Tank  
  46  4:27  SCV  
  46  4:28  SCV  
  46  4:29  Supply Depot  
  51  4:33  Marine x2  
  53  4:39  SCV  
  54  4:46  Barracks x2  
  54  4:48  SCV  
  54  4:50  Marine  
  54  4:51  Marine, SCV  
  55  4:57  Supply Depot  
  55  5:00  SCV, Siege Tank  
  55  5:03  SCV  
  60  5:08  Marine x2  
  62  5:19  SCV x2  
  64  5:22  Supply Depot  
  64  5:25  Refinery  
  64  5:26  Marine x2  
  64  5:27  Engineering Bay  
  64  5:28  Starport Reactor  
  66  5:31  SCV  
  66  5:32  SCV  
  66  5:35  Bunker  
  68  5:41  Stimpack, Marauder  
  70  5:44  Marine x2, Marauder  
  70  5:45  Supply Depot  
  70  5:46  Supply Depot  
  70  5:48  Combat Shield  
  72  5:50  Factory Reactor  
  72  5:52  SCV x2  
  74  6:02  Marine x3  
  77  6:05  Marine  
  77  6:08  Supply Depot  
  77  6:09  Supply Depot  
  76  6:12  Terran Infantry Weapons Level 1  
  76  6:13  SCV  
  76  6:14  SCV  
  76  6:15  Supply Depot  
  76  6:19  Marine  
  76  6:20  Marine x2, Medivac  
  76  6:23  Marine  
  81  6:32  Bunker  
  79  6:34  SCV  
  79  6:35  SCV  
  79  6:37  Marine, Medivac  
  84  6:44  Marine  
  84  6:46  SCV, Marauder x2  
  84  6:47  SCV, Widow Mine  
  91  6:50  Widow Mine  
  94  6:58  Refinery  
  94  6:59  Supply Depot  
  94  7:01  Marine  
  94  7:02  Marine  
  94  7:05  Medivac  
  94  7:07  Marine x2  
  100  7:09  Widow Mine  
  100  7:12  Widow Mine  
  104  7:21  Medivac  
  106  7:23  Marine x2  
  106  7:27  SCV  
  106  7:29  SCV  
  110  7:30  Supply Depot, Widow Mine  
  110  7:33  Widow Mine  
  110  7:34  Concussive Shells  
  110  7:35  Marine x2  
  116  7:41  Marine x2  
  118  7:48  Barracks  
  118  7:51  Barracks  
  118  7:52  SCV x2  
  118  7:56  Supply Depot  
  122  7:58  Marauder  
  122  7:59  Marine x2, Marauder  
  128  8:05  Widow Mine  
  128  8:14  SCV x2  
  128  8:16  Marine x2  
  128  8:17  Supply Depot  
  128  8:19  Marine, Supply Depot, Widow Mine  
  136  8:20  Marauder  
  137  8:34  Marine x2  
  137  8:35  Armory  
  137  8:36  SCV x2, Engineering Bay  
  137  8:38  Barracks Reactor, Barracks Tech Lab, Ghost Academy  
  141  8:46  Marine  
  141  8:47  Marauder  
  144  8:52  Marine x2  
  146  9:01  SCV x2  
Show
View Real Time Build Order
Export as new Build Order

Rail Protoss 

Build Orders: 1 Gate Expand 

Get SALT Encoding   

  12  0:00  Probe  
  13  0:13  Pylon  
  13  0:18  Probe  
  14  0:32  Gateway  
  14  0:35  Probe (Chrono Boost)  
  15  0:45  Probe (Chrono Boost), Assimilator  
  16  0:50  Probe (Chrono Boost)  
  17  1:01  Probe  
  18  1:13  Probe  
  19  1:19  Cybernetics Core  
  19  1:33  Nexus  
  19  1:39  Pylon  
  19  1:44  Assimilator  
  19  1:53  Adept (Chrono Boost)  
  19  1:58  Shield Battery  
  19  2:00  Probe  
  22  2:04  Warp Gate  
  22  2:12  Probe  
  22  2:14  Stalker (Chrono Boost)  
  24  2:28  Probe  
  24  2:40  Probe  
  25  2:45  Stalker  
  27  2:51  Probe  
  27  2:55  Probe  
  29  3:05  Twilight Council  
  29  3:06  Probe  
  29  3:10  Probe  
  31  3:18  Probe (Chrono Boost)  
  32  3:26  Gateway  
  33  3:28  Probe (Chrono Boost)  
  33  3:30  Probe (Chrono Boost)  
  34  3:38  Probe (Chrono Boost)  
  34  3:39  Probe (Chrono Boost)  
  36  3:42  Charge (Chrono Boost)  
  36  3:44  Probe (Chrono Boost)  
  36  3:46  Probe  
  38  3:52  Stalker  
  40  3:56  Probe  
  40  4:00  Probe, Pylon  
  42  4:06  Gateway  
  42  4:09  Probe  
  43  4:14  Robotics Facility  
  43  4:20  Probe  
  43  4:21  Probe  
  37  4:27  Stalker  
  39  4:32  Probe (Chrono Boost)  
  39  4:37  Probe (Chrono Boost)  
  39  4:38  Stalker  
  43  4:44  Probe (Chrono Boost)  
  40  4:48  Probe (Chrono Boost)  
  40  4:49  Probe (Chrono Boost)  
  40  4:57  Probe  
  40  4:58  Pylon  
  42  5:01  Sentry  
  42  5:03  Warp Prism (Chrono Boost)  
  45  5:10  Probe x2  
  47  5:20  Zealot x2  
  51  5:22  Probe  
  51  5:23  Probe  
  51  5:26  Zealot  
  55  5:32  Observer  
  55  5:34  Pylon  
  55  5:35  Probe  
  57  5:46  Probe  
  57  5:47  Blink  
  57  5:48  Zealot x2  
  62  5:58  Probe  
  62  5:59  Probe  
  62  6:03  Robotics Bay  
  64  6:05  Zealot  
  64  6:10  Probe (Chrono Boost)  
  64  6:11  Probe (Chrono Boost)  
  64  6:12  Zealot x2  
  69  6:22  Probe (Chrono Boost)  
  69  6:23  Probe (Chrono Boost)  
  67  6:27  Probe (Chrono Boost)  
  67  6:28  Probe (Chrono Boost)  
  63  6:34  Assimilator  
  63  6:35  Assimilator  
  63  6:36  Probe  
  65  6:40  Observer (Chrono Boost)  
  65  6:42  Probe  
  65  6:49  Probe  
  65  6:50  Pylon  
  66  6:57  Probe  
  67  7:04  Pylon  
  67  7:05  Colossus (Chrono Boost)  
  67  7:10  Zealot x2  
  67  7:13  Observer  
  67  7:14  Extended Thermal Lance  
  77  7:17  Gateway x2  
  77  7:20  Gateway  
  77  7:29  Sentry  
  79  7:35  Pylon, Zealot x2  
  83  7:39  Pylon  
  82  7:52  Colossus (Chrono Boost), Zealot  
  82  7:56  Zealot x2  
  94  8:06  Nexus  
  94  8:16  Pylon  
  94  8:17  Zealot x2, Stalker  
  100  8:24  Zealot  
  102  8:32  Pylon  
  102  8:41  Zealot x3, Stalker  
  110  8:50  Pylon  
  110  8:53  Pylon  
  109  9:00  Zealot x2  
Tags
 
Add a new tag
Caveats
  • Supply blocks, unpowered buildings, or Contaminate may cause inaccurate times.
  • Supply counts are checked every 10 seconds.